 Dungeon Crawl Stone Soup version 0.17-a0-1384-gaabe8e5 (webtiles) character file.

102 Lianjan the Changer (level 4, 0/38 HPs)
             Began as a Naga Transmuter on June 15, 2015.
             Succumbed to Crazy Yiuf's poison
             ... on level 2 of the Dungeon.
             The game lasted 00:06:28 (1667 turns).

Lianjan the Changer (Naga Transmuter)               Turns: 1667, Time: 00:06:28

Health: 0/38       AC:  2    Str: 12 (13) XL:     4   Next: 77%
Magic:  4/7        EV: 10    Int: 19      God:
Gold:   96         SH:  0    Dex: 11      Spells: 3 memorised, 1 level left

rFire  . . .     SeeInvis +       - Unarmed
rCold  . . .     Clarity  .     b - +0 robe
rNeg   . . .     SustAt   .     (no shield)
rPois  +         Gourm    .     (no helmet)
rElec  .         Spirit   .     (no cloak)
rCorr  .         Warding  .     (no gloves)
rMut   .         Stasis   .     (no barding)
MR     .....                    (no amulet)
Stlth  +.........               (no ring)
                                (no ring)

@: brilliant, lethally poisoned (0 -> -7), flying, very slightly contaminated,
hasted, quick, not resistant to hostile enchantments, very unstealthy
A: see invisible, deformed body, poison resistance, slowness 2, slow metabolism
1, spit poison 2, AC +1
a: Spit Poison


You were on level 2 of the Dungeon.
You were hungry.

You visited 1 branch of the dungeon, and saw 2 of its levels.

You collected 96 gold pieces.

Inventory:

Missiles
 a - 9 arrows (quivered)
Armour
 b - a +0 robe (worn)
Scrolls
 e - 2 scrolls of identify {unknown}
 f - a scroll of enchant armour {unknown}
 g - a scroll of teleportation {unknown}
 j - a scroll of noise {unknown}
 k - a scroll of random uselessness {unknown}
 m - a scroll of blinking {unknown}
Books
 c - a book of Changes

   Spells                             Type                      Level
   a - Beastly Appendage              Transmutation                1
   b - Sticks to Snakes               Transmutation                2
   c - Spider Form                    Transmutation/Poison         3
   d - Ice Form                       Ice/Transmutation            4
   e - Blade Hands                    Transmutation                5
Comestibles
 d - 5 bread rations
 o - a royal jelly


   Skills:
 - Level 1.0 Fighting
 - Level 1.5 Dodging
 - Level 3.0 Unarmed Combat
 - Level 2.0 Spellcasting
 + Level 4.7 Transmutations


You had one spell level left.
You knew the following spells:

 Your Spells              Type           Power        Failure   Level  Hunger
a - Beastly Appendage     Trmt           ####..       1%          1    #......
b - Sticks to Snakes      Trmt           ####......   1%          2    ###....
c - Spider Form           Trmt/Pois      ###.......   2%          3    ###....


Dungeon Overview and Level Annotations

Branches:
Dungeon (2/15)

Altars:


Innate Abilities, Weirdness & Mutations

You cannot wear boots.
Your serpentine skin is tough (AC +1).
You have supernaturally acute eyesight.
Armour fits poorly on your strangely shaped body.
Your system is resistant to poisons.
You cover ground very slowly.
You have a slow metabolism.
You can spit poison.


Message History

t - Shout!
Orders for allies: a - Attack new target. r - Retreat! s - Stop attacking. w - Wait here. f - Follow me.
Anything else - Stay silent.
Okay, then.
* * * LOW HITPOINT WARNING * * *
You feel sick.
Unknown command.
* * * LOW HITPOINT WARNING * * *
You feel sick.
* * * LOW HITPOINT WARNING * * *
You feel sick.
* * * LOW HITPOINT WARNING * * *
You feel sick.
There are no items here.
There are no items here.
* * * LOW HITPOINT WARNING * * *
You feel sick.
You die...

########## #####
#......@.## ###..)#
#.........####)....#
#..........#..##...#
#.........#.########
##.....#######
#......# #.##.#.#
##.##.#.# ......#.#


There were no monsters in sight!

Vanquished Creatures
  Crazy Yiuf (D:2)
  Terence (D:2)
  2 adders (D:2)
  A worm (D:2)
  A giant gecko (D:1)
  2 ball pythons (D:1)
  A giant cockroach (D:1)
  4 hobgoblins
  2 bats
  2 giant newts
  7 goblins
  7 rats
31 creatures vanquished.

Notes
Turn   | Place    | Note
--------------------------------------------------------------
     0 | D:1      | Lianjan the Naga Transmuter began the quest for the Orb.
     0 | D:1      | Reached XP level 1. HP: 18/18 MP: 3/3
   125 | D:1      | Reached XP level 2. HP: 19/25 MP: 3/5
   150 | D:1      | Learned a level 2 spell: Sticks to Snakes
   858 | D:2      | Noticed Terence
   872 | D:2      | Killed Terence
   872 | D:2      | Reached XP level 3. HP: 8/31 MP: 1/6
  1100 | D:2      | Learned a level 3 spell: Spider Form
  1203 | D:2      | Reached skill level 4 in Transmutations
  1203 | D:2      | Reached XP level 4. HP: 24/38 MP: 1/7
  1258 | D:2      | HP: 1/38 [goblin/enchanted dagger (4)]
  1639 | D:2      | Noticed Crazy Yiuf
  1647 | D:2      | Killed Crazy Yiuf
  1665 | D:2      | HP: 1/38 [poisoned by Crazy Yiuf]
  1667 | D:2      | Succumbed to Crazy Yiuf's poison

Vault maps used:
D:1:      kilobyte_arrival_exit_the_forest, minmay_vboxes
D:2:      uniq_terence, uniq_crazy_yiuf_cottage

Action                   |  1- 3 |  4- 6 || total
-------------------------+-------+-------++-------
Melee: Unarmed           |    81 |    32 ||   113
 Cast: Beastly Appendage |    12 |     1 ||    13
       Sticks to Snakes  |     2 |     1 ||     3
       Spider Form       |     1 |     1 ||     2
  Use: Potion            |       |     4 ||     4
  Eat: Chunk             |       |     2 ||     2
